 Dungeon Crawl Stone Soup version 0.20.0 (webtiles) character file.

373 Llamajah the Covered (level 6, -12/52 HPs)
             Began as a Minotaur Fighter on July 18, 2017.
             Was a Follower of Okawaru.
             Mangled by Blackhawk's ghost (22 damage)
             ... on level 4 of the Dungeon.
             The game lasted 00:08:04 (2560 turns).

Llamajah the Covered (Minotaur Fighter)             Turns: 2560, Time: 00:08:05

Health: -12/52     AC:  8    Str: 23    XL:     6   Next: 43%
Magic:  5/5        EV:  9    Int:  5    God:    Okawaru [*.....]
Gold:   224        SH: 10    Dex: 12    Spells: 5/5 levels left

rFire    . . .     SeeInvis +   a - +1 war axe
rCold    . . .     Gourm    .   c - +0 shield
rNeg     . . .     Faith    .   b - +0 scale mail
rPois    .         Spirit   .   (helmet restricted)
rElec    .         Reflect  .   n - +0 cloak
rCorr    .         Harm     .   (no gloves)
MR       .....                  (no boots)
Stlth    ..........             (no amulet)
Regen    0.2/turn               e - ring of see invisible
MPRegen  0.1/turn               i - +3 ring of strength

@: no status effects
A: retaliatory headbutt, horns 2
a: Heroism, Renounce Religion


You were on level 4 of the Dungeon.
You worshipped Okawaru.
Okawaru was aware of your devotion.
You were not hungry.

You visited 1 branch of the dungeon, and saw 4 of its levels.

You collected 224 gold pieces.

Inventory:

Hand Weapons
 a - a +1 war axe (weapon)
Armour
 b - a +0 scale mail (worn)
 c - a +0 shield (worn)
 n - a +0 cloak (worn)
Jewellery
 e - a ring of see invisible (left hand)
 i - a +3 ring of strength (right hand)
 v - an uncursed ring of protection from fire
Scrolls
 j - 2 scrolls of identify
 o - 2 scrolls of teleportation
Potions
 g - 3 potions of haste
 l - 2 potions of agility
Comestibles
 f - 3 bread rations
 h - 14 fruits
 k - 3 chunks of flesh


   Skills:
 + Level 4.2 Fighting
 + Level 3.7 Axes
 * Level 5.4 Armour
 * Level 3.0 Dodging
 * Level 5.3 Shields
 + Level 1.3 Invocations


You had 5 spell levels left.
You didn't know any spells.

Dungeon Overview and Level Annotations

Branches:
Dungeon (4/15)
 Temple: D:4-7

Altars:
Okawaru

Annotations:
D:4 Blackhawk's ghost, novice DrBe; Sigmund


Innate Abilities, Weirdness & Mutations

You reflexively headbutt those who attack you in melee.
You have a pair of horns on your head.


Message History

You slash the orc!
You kill the orc!
Okawaru accepts your kill. Blackhawk's ghost misses you.
The hound closely misses you. You furiously retaliate!
You headbutt the hound! Blackhawk's ghost hits you!!
You hit Blackhawk's ghost.
Blackhawk's ghost is heavily damaged.
You closely miss the hound. You block the hound's attack. The hound bites you.
* * * LOW HITPOINT WARNING * * *
Blackhawk's ghost hits you!
* * * LOW HITPOINT WARNING * * *
You block the hound's attack.
It was a potion of curing.
You feel better. You block Blackhawk's ghost's attack.
You block the hound's attack.
It was a potion of cancellation.
Your magical effects are unravelling.
You feel magically purged.
You feel a little less mighty now. The hound bites you but does no damage.
Blackhawk's ghost hits you!!
You die...

. . #$.. .# .
##@# .# #.##.##
# #W#...##.#
#...#....#
#(#.<.# #.##)##
.###.#####.##.#
.....oh@W..##.#
.....########.#
### ..# ###


You could see a hound, Blackhawk's ghost and an orc.

Vanquished Creatures
  A bullfrog (D:4)
  A hound (D:4)
  Crazy Yiuf (D:2)
  2 orc wizards
  Terence (D:3)
  6 adders
  An ooze (D:3)
  An adder skeleton (D:4)
  2 worms
  A dart slug (D:1)
  2 leopard geckos
  11 orcs
  4 bats
  5 giant cockroaches
  9 goblins
  6 hobgoblins
  7 jackals
  A quokka (D:3)
  3 ball pythons (D:3)
  5 frilled lizards
  11 kobolds
  16 rats
97 creatures vanquished.

Notes
Turn   | Place    | Note
-------+----------+-------------------------------------------
     0 | D:1      | Llamajah the Minotaur Fighter began the quest for the Orb.
     0 | D:1      | Reached XP level 1. HP: 19/19 MP: 0/0
    76 | D:1      | Reached XP level 2. HP: 27/27 MP: 1/1
   453 | D:1      | Reached XP level 3. HP: 30/33 MP: 2/2
   614 | D:2      | Reached skill level 1 in Dodging
   684 | D:2      | Found a runed door.
   995 | D:2      | Reached XP level 4. HP: 39/40 MP: 3/3
  1044 | D:2      | Found an iron altar of Okawaru.
  1051 | D:2      | Became a worshipper of Warmaster Okawaru
  1357 | D:2      | You fall through a shaft for 2 floors!
  1362 | D:3      | Noticed Terence
  1392 | D:3      | Killed Terence
  1532 | D:3      | Reached XP level 5. HP: 45/46 MP: 4/4
  1803 | D:2      | Noticed Crazy Yiuf
  1806 | D:2      | Killed Crazy Yiuf
  1806 | D:2      | Reached skill level 5 in Shields
  1902 | D:3      | Reached skill level 5 in Armour
  2505 | D:4      | Noticed Sigmund
  2506 | D:4      | Noticed Blackhawk's ghost (novice DrBe)
  2527 | D:4      | Reached * piety under Okawaru
  2527 | D:4      | Reached skill level 1 in Invocations
  2527 | D:4      | Reached XP level 6. HP: 49/52 MP: 5/5
  2558 | D:4      | HP: 2/52 [Blackhawk's ghost (13)]
  2560 | D:4      | Mangled by Blackhawk's ghost

Skill      XL: |  1  2  3  4  5  6 |
---------------+-------------------+-----
Armour         | 4 5 |  5.4
Shields        | 4 5 |  5.3
Dodging        | 1 2 3 |  3.0
Axes           | 3 |  3.7
Fighting       | 4 |  4.2
Invocations    | 1 |  1.3

Action                   |  1- 3 |  4- 6 || total
-------------------------+-------+-------++-------
Melee: War axe           |   100 |   141 ||   241
       Headbutt          |    16 |    20 ||    36
  Use: Scroll            |       |    10 ||    10
       Potion            |       |     3 ||     3
  Eat: Chunk             |       |     6 ||     6
Armor: Scale mail        |    36 |    78 ||   114
Dodge: Dodged            |    36 |    61 ||    97
Block: Shield            |    51 |    90 ||   141
